 Dungeon Sprint DCSS version 0.31-a0-986-g5e6e4ef867 (webtiles) character file.

Game seed: 10883865995411218821

8 rocky1 the Changeling (level 2, 0/18 HPs)
             Began as an Octopode Shapeshifter on Nov 14, 2023.
             Slain by a gnoll
             ... wielding a +0 spear
              (7 damage)
             ... in the Dungeon (Sprint IX: "|||||||||||||||||||||||||||||").
             The game lasted 00:00:06 (30 turns).

rocky1 the Changeling (Octopode Shapeshifter)         Turns: 30, Time: 00:00:07

Health: 0/18       AC:  1    Str: 13    XL:     2   Next: 8%
Magic:  2/2        EV: 13    Int: 12    God:
Gold:   0          SH:  0    Dex: 11    Spells: 1/1 levels left

rFire   . .          .
                       - Unarmed
rCold   . . .        (no shield)
rNeg    . . .        (helmet currently unavailable)
rPois   .            (no amulet)
rElec   .            (no ring)
rCorr   .            (no ring)
SInv    .            (no ring)
Will    .....        (no ring)
Stlth   ++           (no ring)
HPRegen 0.23/turn    (no ring)
MPRegen 0.08/turn    (no ring)
                     (no ring)

%: no teleportation
@: beast-form
A: beast (slay +2), almost no armour, amphibious, 8 rings, camouflage 1,
gelatinous body 1, (nimble swimmer 1), tentacles
a: Begin Untransformation


You were in the Dungeon.
You were a hulking beast.
You visited 1 branch

Inventory:

Talismans
 b - a beast talisman
 c - a flux talisman
Scrolls
 i - a scroll of blinking
Potions
 a - a potion of lignification
 d - a potion of curing
 e - a potion of heal wounds
 f - a potion of haste
 g - 2 potions of magic
 h - a potion of berserk rage


   Skills:
 + Level 1.0 Fighting
 + Level 2.2 Dodging
 + Level 3.8 Unarmed Combat
 + Level 4.0 Shapeshifting


You had one spell level left.
You didn't know any spells.
Your spell library was empty.

Dungeon Overview and Level Annotations

Branches:
Dungeon (1/1)

Altars:


Innate Abilities, Weirdness & Mutations

You are a hulking beast.
Your limbs bulge with bestial killing power. (Slay +2)
You cannot wear most types of armour.
You are amphibious.
You can wear up to eight rings at the same time.
Your skin changes colour to match your surroundings (Stealth+).
Your rubbery body absorbs attacks. (AC +1, EV +1)
((You are camouflaged when in or above water. (Stealth+)))
You have tentacles for arms and can constrict up to eight enemies at once.


Message History

The bat completely misses you.
The goblin shouts!
You tentacle-slap the bat.
You kill the bat!
The hobgoblin misses you.
There is an open door to the Dungeon here.
You see here a bat corpse.
You tentacle-slap the hobgoblin. You grab the hobgoblin.
You squeeze the hobgoblin.
You kill the hobgoblin!
The bat misses you. The bat hits you.
You tentacle-slap the bat.
You kill the bat!
The ball python bites you. The ball python grabs you.
The ball python constricts you.
You tentacle-slap the ball python. You grab the ball python.
You squeeze the ball python.
You kill the ball python!
The goblin barely misses you.
Things that are here:
a bat corpse; a hobgoblin corpse You tentacle-slap the goblin.
You kill the goblin!
Your Shapeshifting skill increases to level 4!
You have reached level 2!
Things that are here:
a +0 club; a goblin corpse You start resting.
HP restored.
You open the door.
A scorpion, 3 gnolls and a quokka come into view.
The gnoll shouts! x3
The gnoll hits you from afar with a +0 spear.
The quokka barely misses you.
There is an open door, spattered with blood here.
You bludgeon the quokka!
You kill the quokka!
The gnoll hits you from afar with a +0 spear.
The gnoll barely misses you. The gnoll hits you with a +0 spear!
You die...

▓+▓
▓g▓
▓s▓
▓g▓
▓g▓
▓h▓
▓'▓
▓.▓
▓.▓
▓.▓
▓)▓
▓†▓
▓†▓
▓.▓


You could see a scorpion and 3 gnolls.

Vanquished Creatures
  A ball python (D)
  2 bats (D)
  A goblin (D)
  A hobgoblin (D)
  A quokka (D)
6 creatures vanquished.

Notes
Turn   | Place    | Note
-------+----------+-------------------------------------------
     0 | D        | rocky1 the Octopode Shapeshifter began the quest for the
                  | Orb.
     0 | D        | Reached XP level 1. HP: 13/13 MP: 1/1
    11 | D        | Reached skill level 4 in Shapeshifting
    11 | D        | Reached XP level 2. HP: 14/18 MP: 2/2
    27 | D        | Noticed a scorpion
    30 | D        | Slain by a gnoll

Illustrated notes

Levels and vault maps discovered:
D:        linesprint [early_d, line_temple, items_1, d_10, items_2, lair_1,
          lair_end, items_3, orc_1, orc_end, items_4, d_15, swamp_1, shoals_1,
          snake_1, spider_1, d_20, vaults_1, items_5, swamp_end, shoals_end,
          snake_end, spider_end, vaults_end, d_27, items_6, zot_1, zot_end,
          crypt_end, forest_end, elf_end, slime_end, tomb_end, abyss_end,
          pan_hell_end]

Skill      XL: |  1 |
---------------+----+-----
Shapeshifting  | 4 |  4.0
Fighting       | |  1.0
Dodging        | |  2.2
Unarmed Combat | |  3.8

Action                     || total
---------------------------++-------
  Melee: Unarmed           ||     6
         Constrict         ||     2
         Tentacles         ||     2
 Armour: Skin              ||     5
  Dodge: Dodged            ||     6

Table legend: (Time is in decaauts)
 A = Elapsed time spent in this place.
 B = Non-inter-level travel time spent in this place.
 C = Inter-level travel time spent in this place.
 D = Time resting spent in this place.
 E = Time spent auto-exploring this place.
 F = Levels seen in this place.
 G = Mean time per level.
                   A        B        C        D        E       F      G
               +--------+--------+--------+--------+--------+-----+--------+
         Total |     29 |     29 |      0 |     12 |      0 |   1 |   29.0 |
       Dungeon |     29 |     29 |      0 |     12 |      0 |   1 |   29.0 |
               +--------+--------+--------+--------+--------+-----+--------+

Top non-repeatable levels by time:
       D: 29 daAuts
